AoeStats
← lucas_s_g

Arabia

510711739Analyzed
1v1 RM · 1d ago on Oct 2, 2026· 22m 40s· 2 players
Game mode
Random Map
Map size
Tiny (2 player)
Population
200
Speed
Normal
Resources
Standard
Victory
Conquest
Starting age
Dark Age
Ending age
Imperial Age
RankedLock teamsTeams togetherTeam positionsShared explorationLock speedFull tech treeHidden civsTurbo modeCheats
Victory
Defeat
🇪🇸 Celts · Spain
702
+16
🇪🇸 Franks · Spain
712
-16
lucas_s_g
10:08 Feudal Age
8:31 Loom
11:09 Double-Bit Axe
13:36 Horse Collar
14:32 Man-at-Arms
17:25 Arson
18:38 Scale Mail Armor
19:00 Forging
tito herbito
10:51 Feudal Age
11:21 Double-Bit Axe
21:46 Castle Age
Connection lost

Rejoining the realm…

Still unreachable

The connection could not be restored.

Session expired

The server has moved on; the page needs a fresh start.